 Dungeon Crawl Stone Soup version 0.31-a0-986-g5e6e4ef867 (webtiles) character file.

Game seed: 13547257843920162933

42 lunkers the Insei (level 4, -3/35 HPs)
             Began as a Meteoran Shapeshifter on Nov 7, 2023.
             Slain by an orc
             ... wielding a +2 heavy war axe
              (15 damage)
             ... on level 2 of the Dungeon.
             The game lasted 00:00:36 (344 turns).

lunkers the Insei (Meteoran Shapeshifter)            Turns: 344, Time: 00:00:37

Health: -3/35      AC:  6    Str: 15    XL:     4   Next: 3%
Magic:  5/5        EV: 10    Int: 15    God:
Gold:   12         SH:  0    Dex: 16    Spells: 3/3 levels left

rFire   . .          .
                       - Unarmed
rCold   . . .        (no shield)
rNeg    . . .        f - +0 scale mail "Weih" {Int+4}
rPois   .            (helmet currently unavailable)
rElec   .            (cloak currently unavailable)
rCorr   .            (gloves currently unavailable)
SInv    .            (boots currently unavailable)
Will    .....        (no amulet) Stlth
                     (no ring)
HPRegen 0.25/turn    (no ring)
MPRegen 0.09/turn

%: no passive effects
@: beast-form, glowing
A: beast (slay +2), sense surroundings 1, otherworldly, glowing, explore regen
a: Begin Untransformation


You were on level 2 of the Dungeon.
You were a hulking beast.
You visited 1 branch of the dungeon, and saw 2 of its levels.

You collected 12 gold pieces.

Inventory:

Armour
 a - a +0 animal skin
 f - the +0 scale mail "Weih" (worn) {Int+4}
   (You found it on level 2 of the Dungeon)

   Int+4:     It affects your intelligence (+4).
Talismans
 c - a beast talisman
 d - a flux talisman
Scrolls
 e - a scroll of blinking {unknown}
Potions
 b - 2 potions of lignification


   Skills:
 - Level 1.1 Fighting
 - Level 2.1 Dodging
 * Level 4.9 Unarmed Combat
 + Level 4.2 Shapeshifting


You had 3 spell levels left.
You didn't know any spells.
Your spell library contained the following spells:

 Spells                   Type           Power      Damage    Failure   Level
 Summon Small Mammal      Summ           0%         N/A       75%         1
 Call Canine Familiar     Summ           0%         N/A       98%         3
 Summon Guardian Golem    Hex/Summ       0%         N/A       98%         3


Dungeon Overview and Level Annotations

Branches:
Dungeon (2/15) Zot: 858

Altars:
Elyvilon

Shops:
D:1 ?


Innate Abilities, Weirdness & Mutations

You are a hulking beast.
Your limbs bulge with bestial killing power. (Slay +2)
You passively map a small area around you.
You are easily found by Zot.
You glow in the dark.
You regain HP and MP as you explore.


Message History

A quokka is nearby!
You punch the quokka!
You kill the quokka!
No target in view!
No target in view!
No target in view!
No target in view! 2 gnolls come into view.
The gnoll shouts!
A gnoll and an orc come into view.
The orc is wielding a +2 heavy war axe.
The gnoll shouts!
The orc shouts!
You hear an angry hiss.
The gnoll closely misses you.
There are monsters nearby!
You hit the gnoll but do no damage. The gnoll barely misses you.
You barely miss the gnoll.
A frilled lizard comes into view.
The gnoll barely misses you.
The frilled lizard hisses angrily.
You hit the gnoll but do no damage. The gnoll hits you with a +0 halberd.
You hit the gnoll.
The gnoll is lightly wounded.
The gnoll closely misses you.
You hit the gnoll.
The gnoll is moderately wounded.
The gnoll hits you with a +0 halberd!
* * * LOW HITPOINT WARNING * * *
You hit the gnoll.
The gnoll is severely wounded.
The orc barely misses you. The gnoll hits you but does no damage.
You hit the gnoll.
You kill the gnoll!
You have reached level 4!
You hit the orc.
The orc is severely wounded.
The gnoll hits you with a +0 club.
* * * LOW HITPOINT WARNING * * *
The gnoll hits you with a +0 whip.
* * * LOW HITPOINT WARNING * * *
The orc hits you with a +2 heavy war axe!
You die...

* * * * #. * * ## #
* #.,, ###.# ** #..
.....
#...#######.#.# # ,
,
,.................
, , , ......g)....#
... , ,
.....lgho...#.....
* *
#...####..........#
, , # #..........*
**#......... *
,,*#.#....... , ,
#.###.#.######### ,
, * *#.###.#.#
#...... , #.......#
#.#....
,#####.#####.#.._.


You could see 2 gnolls, an orc and a frilled lizard.

Vanquished Creatures
  A gnoll (D:2)
  2 adders (D:2)
  A bat (D:1)
  2 endoplasms (D:1)
  A goblin (D:1)
  2 hobgoblins (D:2)
  A quokka (D:2)
  A ball python (D:2)
  3 rats (D:1)
14 creatures vanquished.

Notes
Turn   | Place    | Note
-------+----------+-------------------------------------------
     0 | D:1      | lunkers the Meteoran Shapeshifter began the quest for the
                  | Orb.
     0 | D:1      | Reached XP level 1. HP: 16/16 MP: 2/2
   102 | D:1      | Found Yshisiuth's Magic Scroll Shop.
   140 | D:1      | Reached XP level 2. HP: 19/23 MP: 3/3
   227 | D:2      | Reached XP level 3. HP: 18/28 MP: 4/4
   280 | D:2      | Identified the +0 scale mail "Weih" {Int+4}
   299 | D:2      | Found a white marble altar of Elyvilon.
   344 | D:2      | Reached XP level 4. HP: 19/35 MP: 5/5
   344 | D:2      | Slain by an orc

Illustrated notes

Levels and vault maps discovered:
D:1:      nzn_arrival_water_spiral, layout_basic, serial_shops, shop,
          minmay_strange_pillars, minmay_fountain_box, nicolae_hexahallways,
          minivault_25, nicolae_titane
D:2:      layout_loops_cross, basic_altar

Skill      XL: |  1  2  3 |
---------------+----------+-----
Unarmed Combat | 4 |  4.9
Shapeshifting  | 4 |  4.2
Fighting       | |  1.1
Dodging        | |  2.1

Action                     |  1- 3 |  4- 6 || total
---------------------------+-------+-------++-------
  Melee: Unarmed           |    36 |     1 ||    37
         Punch             |     1 |       ||     1
 Armour: Animal skin       |     9 |       ||     9
         Scale mail        |     4 |     3 ||     7
  Dodge: Dodged            |    21 |       ||    21

Table legend: (Time is in decaauts)
 A = Elapsed time spent in this place.
 B = Non-inter-level travel time spent in this place.
 C = Inter-level travel time spent in this place.
 D = Time resting spent in this place.
 E = Time spent auto-exploring this place.
 F = Levels seen in this place.
 G = Mean time per level.
                   A        B        C        D        E       F      G
               +--------+--------+--------+--------+--------+-----+--------+
         Total |    340 |    340 |      0 |      0 |    238 |   2 |  170.0 |
       Dungeon |    340 |    340 |      0 |      0 |    238 |   2 |  170.0 |
               +--------+--------+--------+--------+--------+-----+--------+

Top non-repeatable levels by time:
     D:1: 217 daAuts
     D:2: 123 daAuts
